 Dungeon Crawl Stone Soup version 0.18-a0-1637-g109f206 (webtiles) character file.

11397 4thArraOfDagon the Spear-Bearer (level 11, -4/123 HPs)
             Began as an Ogre Berserker on Mar 26, 2016.
             Was a High Priest of Trog.
             Hit by a tomahawk thrown by an orc warrior (8 damage)
             ... led by an orc warlord
             ... on level 2 of the Orcish Mines.
             The game lasted 00:29:18 (5406 turns).

4thArraOfDagon the Spear-Bearer (Ogre Berserker)    Turns: 5406, Time: 00:29:19

Health: -4/123     AC:  7    Str: 27    XL:     11   Next: 77%
Magic:  14/14      EV: 10    Int:  6    God:    Trog [*****.]
Gold:   1039       SH:  0    Dex:  9    Spells: 0 memorised, 10 levels left

rFire  . . .     SeeInvis .     B - +2 trident (venom)
rCold  . . .     Gourm    .     b - +0 troll leather armour
rNeg   . . .     Faith    .     (no shield)
rPois  .         Spirit   .     (helmet restricted)
rElec  .         Dismiss  .     q - +1 cloak
rCorr  .         Reflect  .     (gloves unavailable)
SustAt .         Harm     .     (boots unavailable)
MR     +++..                    r - amulet of magic regeneration
Stlth  +.........               (no ring)
                                (no ring)

@: exhausted, very slightly contaminated, regenerating, hasted and slowed,
extremely resistant to hostile enchantments, very unstealthy
A: unfitting armour, tough skin 1
a: Berserk, Trog's Hand, Brothers in Arms, Burn Spellbooks, Renounce Religion


You were on level 2 of the Orcish Mines.
You worshipped Trog.
Trog was extremely pleased with you.
You were very hungry.

You visited 2 branches of the dungeon, and saw 13 of its levels.

You collected 1039 gold pieces.

Inventory:

Hand Weapons
 s - a +0 halberd
 B - a +2 trident of venom (weapon)
 D - a +2 trident of freezing
Missiles
 p - 3 javelins of returning (quivered)
 A - 5 large rocks
Armour
 b - a +0 troll leather armour (worn)
 q - a +1 cloak (worn)
 G - a +0 robe of magic resistance
Jewellery
 r - an amulet of magic regeneration (around neck)
Wands
 n - a wand of confusion (16/48)
 x - a wand of paralysis (1/24)
 C - a wand of disintegration (10/24)
 L - a wand of paralysis (10/24)
Scrolls
 a - 3 scrolls of remove curse
 v - a scroll of fear
 w - 3 scrolls of teleportation
 y - 3 scrolls of noise
Potions
 d - 3 potions of brilliance
 e - a potion of cancellation {unknown}
 f - a potion of magic {unknown}
 g - 2 potions of lignification
 h - 3 potions of haste
 i - 2 potions of might
 l - a potion of invisibility
 m - 2 potions of curing
 o - a potion of flight
 t - a potion of agility
 z - a potion of degeneration
 E - 2 potions of mutation {unknown}
 F - a potion of beneficial mutation {unknown}
 K - 2 potions of resistance {unknown}
Books
 k - a book of Maledictions

   Spells                             Type                      Level
   a - Corona                         Hexes                        1
   b - Ensorcelled Hibernation        Hexes/Ice                    2
   c - Confuse                        Hexes                        3
   d - Tukima's Dance                 Hexes                        3
   e - Dazzling Spray                 Conjuration/Hexes            3
   Trog disapproves of the use of such an item.
 J - a book of Ice

   Spells                             Type                      Level
   a - Ice Form                       Ice/Transmutation            4
   b - Metabolic Englaciation         Hexes/Ice                    5
   c - Ozocubu's Refrigeration        Ice                          6
   d - Bolt of Cold                   Conjuration/Ice              6
   e - Freezing Cloud                 Conjuration/Ice/Air          6
   f - Simulacrum                     Ice/Necromancy               6
   Trog disapproves of the use of such an item.
 M - a book of Maledictions

   Spells                             Type                      Level
   a - Corona                         Hexes                        1
   b - Ensorcelled Hibernation        Hexes/Ice                    2
   c - Confuse                        Hexes                        3
   d - Tukima's Dance                 Hexes                        3
   e - Dazzling Spray                 Conjuration/Hexes            3
   Trog disapproves of the use of such an item.
Comestibles
 c - 5 bread rations
 j - 9 chunks of flesh
 H - 2 meat rations


   Skills:
 + Level 12.2 Fighting
   Level 5.5 Maces & Flails
 * Level 14.0 Polearms
 - Level 2.6 Dodging
 + Level 4.5 Evocations


You had 10 spell levels left.
You didn't know any spells.

Dungeon Overview and Level Annotations

Branches:
Dungeon (11/15)            Temple (0/1) D:6            Lair (0/8) D:8
    Orc (2/2) D:11
    Elf: Orc:2

Altars:
Dithmenos
Fedhas
Gozag
Makhleb
Nemelex Xobeh
Pakellas
Qazlal
Vehumet
The Shining One
Beogh

Shops:
D:10 (

Annotations:
D:4 4thArraOfDagon's ghost, amateur OgBe


Innate Abilities, Weirdness & Mutations

You are too large for most types of armour.
You have tough skin (AC +1).


Message History

Unknown command.
Drink which item? (? for menu, Esc to quit)
You feel yourself speed up.
The orc no longer looks unusually strong.
The orc hits you with a short sword.
* * * LOW HITPOINT WARNING * * *
The orc hits you but does no damage. The orc warrior completely misses you.
The orc completely misses you. The warg bites you!
* * * LOW HITPOINT WARNING * * *
The orc hits you with a dagger.
* * * LOW HITPOINT WARNING * * *
You are very lightly contaminated with residual magic.
Unknown command.
Unknown command.
Unknown command.
Unknown command.
The warg bites you.
* * * LOW HITPOINT WARNING * * *
The orc warrior throws a tomahawk.
The tomahawk hits you!
You die...

###.....### ##.......##
##.#)....#.# ##.......##
##..).......####....)....#
#...........##...........#
#............#.....#....##
......##.....#....##o....##
#....#####.....[####oo....#
.....# ##...[)[.oo.#oo....#
###....#.....<).@ho#)....##
#..........[....)oo..###
#.#........#.....o....#
#.##.....#####(....#.##
####..##.# ##.(..#.# ######
##(.#### #.#.# #####


You could see a warg, 2 orc warriors, an orc wizard and 3 orcs.

Vanquished Creatures
  An orc warlord (Orc:2)
  A stone giant (Orc:1)
  Erolcha (D:9)
  An unseen horror (D:11)
  3 orc knights (D:11)
  2 trolls (Orc:2)
  6 yaks (D:9)
  A hippogriff (D:7)
  2 wargs (Orc:2)
  17 orc warriors
  2 ice beasts
  2 phantoms (D:11)
  2 sky beasts
  6 ogres
  A necrophage (D:11)
  A centaur (D:10)
  4 giant frogs
  A gnoll sergeant (D:9)
  2 killer bees (D:11)
  A howler monkey (D:6)
  5 crimson imps
  A centaur zombie (D:6)
  A giant frog zombie (D:7)
  5 hounds
  A centaur skeleton (D:5)
  11 orc priests
  A jelly (D:5)
  13 orc wizards
  Ijyb (D:2)
  4 worker ants
  Terence (D:2)
  Natasha (D:3)
  A hound zombie (D:10)
  Robin (D:3)
  2 worker ant zombies
  12 gnolls
  6 adders
  2 shadow imps
  An ooze (D:3)
  An adder skeleton (D:9)
  3 worms
  6 dart slugs
  3 giant geckos
  64 orcs
  7 bats
  5 giant cockroaches
  13 hobgoblins
  14 jackals
  3 kobolds
  5 quokkas
  A giant gecko zombie (D:6)
  3 giant newts
  13 goblins
  A jackal skeleton (D:6)
  3 rats
272 creatures vanquished.

Notes
Turn   | Place    | Note
--------------------------------------------------------------
     0 | D:1      | 4thArraOfDagon the Ogre Berserker began the quest for the Orb.
     0 | D:1      | Reached XP level 1. HP: 24/24 MP: 1/1
   136 | D:1      | Reached XP level 2. HP: 25/32 MP: 2/2
   222 | D:1      | Reached skill level 5 in Maces & Flails
   311 | D:1      | You fall through a shaft!
   325 | D:2      | Found a glowing golden altar of the Shining One.
   353 | D:2      | Reached XP level 3. HP: 39/39 MP: 3/3
   418 | D:3      | Noticed Robin
   439 | D:3      | Reached ** piety under Trog
   439 | D:3      | Reached skill level 1 in Polearms
   448 | D:3      | Killed Robin
   451 | D:3      | Reached XP level 4. HP: 32/48 MP: 4/4
   457 | D:3      | Reached skill level 2 in Polearms
   515 | D:2      | Noticed Ijyb
   563 | D:2      | Reached skill level 3 in Polearms
   580 | D:2      | Killed Ijyb
   580 | D:2      | Reached XP level 5. HP: 54/54 MP: 5/5
   670 | D:2      | Noticed Terence
   687 | D:2      | Killed Terence
   687 | D:2      | Reached skill level 4 in Polearms
   958 | D:3      | Noticed Natasha
   967 | D:3      | Killed Natasha
   967 | D:3      | Reached XP level 6. HP: 53/62 MP: 6/6
  1080 | D:4      | Reached skill level 5 in Polearms
  1086 | D:3      | Reached *** piety under Trog
  1219 | D:4      | Found a stormy altar of Qazlal.
  1223 | D:4      | Noticed an air elemental
  1223 | D:4      | Noticed a fire elemental
  1223 | D:4      | Noticed a water elemental
  1300 | D:4      | Noticed 4thArraOfDagon's ghost (amateur OgBe)
  1447 | D:4      | Received a gift from Trog
  1481 | D:5      | Entered Level 5 of the Dungeon
  1573 | D:5      | Noticed a sky beast
  1586 | D:4      | Killed a sky beast
  1586 | D:4      | Reached skill level 6 in Polearms
  1586 | D:4      | Reached XP level 7. HP: 70/70 MP: 7/7
  1689 | D:4      | You fall through a shaft for 2 floors!
  1689 | D:6      | Found a staircase to the Ecumenical Temple.
  1740 | D:6      | Found a sparkling altar of Nemelex Xobeh.
  1740 | D:6      | Found a radiant altar of Vehumet.
  1740 | D:6      | Found an opulent altar of Gozag.
  1856 | D:6      | Reached skill level 5 in Fighting
  1856 | D:6      | Reached skill level 7 in Polearms
  1872 | D:6      | Reached XP level 8. HP: 20/81 MP: 8/8
  1975 | D:5      | Reached skill level 8 in Polearms
  2093 | D:6      | Found a shadowy altar of Dithmenos.
  2268 | D:7      | Found a blossoming altar of Fedhas.
  2414 | D:7      | Reached skill level 9 in Polearms
  2497 | D:6      | Found an oddly glowing altar of Pakellas.
  2543 | D:6      | Reached **** piety under Trog
  2779 | D:8      | Reached XP level 9. HP: 83/93 MP: 9/9
  2997 | D:9      | Reached skill level 10 in Polearms
  3130 | D:8      | Found a staircase to the Lair.
  3130 | D:8      | Noticed Erolcha
  3151 | D:9      | Killed Erolcha
  3151 | D:9      | Reached skill level 11 in Polearms
  3435 | D:9      | Reached XP level 10. HP: 107/107 MP: 10/10
  3477 | D:9      | Got a scorched mace
  3525 | D:10     | Entered Level 10 of the Dungeon
  3529 | D:10     | Reached skill level 10 in Fighting
  3609 | D:10     | Reached skill level 12 in Polearms
  3638 | D:10     | jacquesderrida: NAIS
  3653 | D:10     | jacquesderrida: OGER
  3657 | D:10     | Found Tylinem's Weapon Emporium.
  3666 | D:10     | jacquesderrida: lal
  3666 | D:10     | 4thArraOfDagon: finihs him
  3666 | D:10     | jacquesderrida: Fine Usher
  3666 | D:10     | jacquesderrida: It shit
  3690 | D:11     | Found a burning altar of Makhleb.
  3706 | D:11     | jacquesderrida: Probably one of the most idiotic weapons in the game!
  3785 | D:11     | jacquesderrida: Speed offsets the fact that it is a slow halberd and makes it just that! A +5 halberd!
  3803 | D:11     | jacquesderrida: :THUMBS_DOWN:
  3914 | D:11     | Noticed an orc knight
  3914 | D:11     | Noticed an orc knight
  3950 | D:11     | Killed an orc knight
  3950 | D:11     | Reached skill level 1 in Evocations
  4028 | D:11     | Killed an orc knight
  4083 | D:11     | Noticed an orc knight
  4113 | D:11     | Killed an orc knight
  4177 | D:11     | Killed an unseen horror
  4200 | D:11     | Identified the +4 mace "Peryur" {crush, rF+ Str+3 Int-2} (You found it on level 9 of the Dungeon)
  4266 | D:11     | Reached ***** piety under Trog
  4410 | D:11     | Reached XP level 11. HP: 120/120 MP: 13/13
  4445 | D:11     | Found a roughly hewn altar of Beogh.
  4445 | D:11     | Found a staircase to the Orcish Mines.
  4468 | Orc:1    | Entered Level 1 of the Orcish Mines
  4475 | Orc:2    | Entered Level 2 of the Orcish Mines
  4480 | Orc:2    | Reached skill level 13 in Polearms
  4482 | Orc:2    | Noticed an orc warlord
  4525 | Orc:1    | Found a roughly hewn altar of Beogh.
  4597 | Orc:1    | Noticed a stone giant
  4613 | Orc:1    | Killed a stone giant
  5395 | Orc:2    | Killed an orc warlord
  5395 | Orc:2    | Reached skill level 14 in Polearms
  5406 | Orc:2    | HP: 4/123 [warg[an orc warlord] (6)]
  5406 | Orc:2    | Hit by a tomahawk thrown by an orc warrior

Vault maps used:
D:1:      dpeg_arrival_solitude, roderic_serpentine_path
D:2:      tso_metal_star, uniq_iyjb, uniq_terence
D:3:      lemuel_round_altar, uniq_robin, uniq_natasha
D:4:      nicolae_qazlal_style_of_elements, minmay_goblin_kobold_house
D:5:      first_bread
D:6:      gammafunk_temple_overflow_forgotten, nicolae_overflow_crystal_walls,
          minmay_temple_entry_overgrown, basic_altar, st_stairs_8
D:7:      fedhas_altar_2, hex_medium
D:8:      lemuel_coloured_pillars_altar, lair_0_dummy, uniq_erolcha
D:10:     serial_shops, shop, uniq_erica
D:11:     david_orc_5, basic_altar
Orc:1:    basic_altar
Orc:2:    grunt_orc_tribal_feast

Skill      XL: |  1  2  3  4  5  6  7  8  9 10 11 |
---------------+----------------------------------+-----
Maces & Flails | 5 |  5.5
Polearms       | 1 3 4 6 7 9 11 12 14 | 14.0
Fighting       | 5 7 9 11 12 | 12.2
Evocations     | 2 4 |  4.5
Dodging        | |  2.6

Action                   |  1- 3 |  4- 6 |  7- 9 | 10-12 || total
-------------------------+-------+-------+-------+-------++-------
Melee: Mace              |    36 |       |       |       ||    36
       Halberd           |    27 |   238 |   194 |       ||   459
       Trident           |       |       |    56 |   370 ||   426
Invok: Berserk           |     2 |     9 |    15 |    17 ||    43
       Trog's Hand       |       |     4 |     7 |     6 ||    17
Evoke: Wand              |       |       |     1 |     8 ||     9
  Use: Scroll            |       |     4 |    14 |     2 ||    20
       Potion            |       |       |     1 |     1 ||     2
 Stab: Sleeping          |       |     2 |     2 |       ||     4
       Distracted        |       |       |     1 |       ||     1
       Paralysed         |       |       |       |     2 ||     2
  Eat: Chunk             |       |    14 |    20 |    23 ||    57
       Beef jerky        |       |       |     1 |       ||     1
       Fruit             |       |       |     1 |     1 ||     2
       Royal jelly       |       |       |       |     1 ||     1
